[Event "Late-Titled-Tuesday-Blitz-January-23-2024"]
[Site "Chess.com"]
[Date "2024.01.23"]
[Round "10"]
[White "NovakRatko"]
[Black "SocoLoco"]
[Result "1-0"]
[WhiteElo "2359"]
[BlackElo "2205"]
[TimeControl "180+1"]
[EndTime "15:52:19 PST"]
[Termination "NovakRatko won on time"]

1. d4 d5 2. c4 Nc6 3. cxd5 Qxd5 4. Nc3 Qxd4 5. Bd2 a6 6. Nf3 Qd8 7. e4 e6 8. Qb3 Nf6 9. O-O-O Bd7 10. e5 Ng4 11.
Ne4 Ngxe5 12. Nxe5 Nxe5 13. Bc3 Ng4 14. h3 Nf6 15. Nxf6+ gxf6 16. Qxb7 Be7 17. Rxd7 Kxd7 18. Bxa6 Bd6 19. Rd1 Ke7 20. Bc4 Rg8 21. Qf3 Rg6 22. h4 h5 23. Qxh5 Qh8 24. Qf3 Rd8 25. h5 Rh6 26. g4 Qg7 27. Bd2 Rhh8 28. Qe4 Rdg8 29. Be2 f5 30. gxf5 Qe5 31. Qxe5 Bxe5 32. fxe6 fxe6 33. Be3 Rf8 34. b4 Bf4 35. a4 Bxe3+ 36. fxe3 Rf2 37. Rd2 Rg8 38. Bc4 Rxd2 39. Kxd2 Rg2+ 40.
Be2 Rh2 41. a5 Kd6 42. Kd3 Kc6 43. e4 Rh3+ 44. Kd4 Kb7 45. b5 Ra3 46. Ke5 1-0

[Event "Late-Titled-Tuesday-Blitz-January-23-2024"]
[Site "Chess.com"]
[Date "2024.01.23"]
[Round "10"]
[White "Oleksandr_Bortnyk"]
[Black "Harry_Rakkel"]
[Result "1-0"]
[WhiteElo "3048"]
[BlackElo "2719"]
[TimeControl "180+1"]
[EndTime "15:52:20 PST"]
[Termination "Oleksandr_Bortnyk won by resignation"]

1. e4 c6 2. d4 d5 3. Nc3 a6 4.
Bf4 e6 5. Bd3 b5 6. Nf3 Nd7 7.
O-O Be7 8. exd5 cxd5 9. Ne5 Bb7 10. Re1 Ngf6 11. Qf3 Nb6 12. Qh3 Qc8 13. Bg5 Nc4 14. Ne2 Nxb2 15. Nxf7 Kxf7 16. Nf4 Ne4 17. Bxe7 Kxe7 18.
Bxe4 dxe4 19. Qa3+ Kf7 20. Qxb2 Qc7 21. Nh5 Bd5 22. Ng3 Qc6 23. Re2 Rac8 24. Rae1 Qc3 25. Qc1 Qxd4 26. Nxe4 Rc6 27. Qf4+ Ke7 28. Rd2 Qb4 29.
Qh4+ Kf8 30. Qd8+ Kf7 31. Qxh8 Rxc2 32. Ng5+ Kf6 33. Nxh7+ Kg6 34. Rdd1 Qf4 35. Rf1 Bxg2 36. Nf8+ Kf7 37. Rd7+ Kf6 38. Qxg7+ Kf5 39. Rf7+ 1-0

[Event "Late-Titled-Tuesday-Blitz-January-23-2024"]
[Site "Chess.com"]
[Date "2024.01.23"]
[Round "10"]
[White "Ajedrecista3000"]
[Black "Quattroporte300"]
[Result "1-0"]
[WhiteElo "2591"]
[BlackElo "2431"]
[TimeControl "180+1"]
[EndTime "15:52:21 PST"]
[Termination "Ajedrecista3000 won on time"]

1. c4 b6 2. Nc3 Bb7 3. d4 Nf6 4. a3 g6 5. Qc2 Bg7 6. e4 O-O 7. Nf3 c5 8. d5 d6 9. Be2 Nbd7 10. O-O e5 11. g3 Qe7 12. Ne1 Ne8 13. Ng2 f5 14. f4 fxe4 15. Nxe4 Nef6 16. f5 Nxe4 17. Qxe4 Nf6 18. Qc2 gxf5 19. Nh4 f4 20. Nf5 Qd7 21.
gxf4 Bc8 22. fxe5 dxe5 23. Kh1 Kh8 24. Bg5 Bb7 25. Rad1 Ng8 26. Bd3 Bf6 27. Bc1 Rf7 28. Be4 Raf8 29. Rg1 Ne7 30. Nh6 Rg7 31. Rdf1 Rxg1+ 32.
Rxg1 Nc8 33. Qg2 Qe8 34. Qh3 Nd6 35. Bxh7 Bc8 36. Nf5 1-0

[Event "Late-Titled-Tuesday-Blitz-January-23-2024"]
[Site "Chess.com"]
[Date "2024.01.23"]
[Round "10"]
[White "finec2"]
[Black "Smile2005"]
[Result "1/2-1/2"]
[WhiteElo "2206"]
[BlackElo "2398"]
[TimeControl "180+1"]
[EndTime "15:52:22 PST"]
[Termination "Game drawn - insufficient material"]

1. d4 c5 2. d5 e6 3. Nc3 Nf6 4. e4 d6 5. Nf3 exd5 6. exd5 Be7 7. Be2 O-O 8. O-O a6 9. a4 Nbd7 10. a5 Rb8 11. Nd2 b5 12. axb6 Nxb6 13. Nc4 Nxc4 14. Bxc4 a5 15. Bf4 Re8 16. b3 Nd7 17. Qd2 Ne5 18. Bxe5 dxe5 19. Rad1 Bd6 20. Bb5 Bd7 21.
Bxd7 Qxd7 22. Ne4 Rb4 23. Rfe1 f5 24. Nc3 Rd4 25. Qg5 h6 26. Qg6 Bc7 27. Qc6 Qxc6 28. dxc6 Kf7 29. Nd5 Bd6 30. c4 Rc8 31. Ra1 Rxc6 32.
Rxa5 e4 33. g3 Rc8 34. Rb5 Rb8 35. Rxb8 Bxb8 36. Ra1 g5 37. Ra8 Be5 38. Ra7+ Ke6 39. Re7+ Kd6 40. Rh7 f4 41. Rxh6+ Kd7 42. gxf4 gxf4 43.
Kg2 f3+ 44. Kh3 Rd2 45. Kg4 Rxf2 46. Kf5 Rxh2 47. Rxh2 Bxh2 48. Kxe4 f2 49. Ne3 Kc6 50. Nf1 Bg1 51. Kf3 Kb6 52. Ke2 Ka5 53. Nd2 Kb4 54. Ne4 Kxb3 55. Nxc5+ Kxc4 56. Ne4 Kd4 57. Nxf2 1/2-1/2

[Event "Late-Titled-Tuesday-Blitz-January-23-2024"]
[Site "Chess.com"]
[Date "2024.01.23"]
[Round "10"]
[White "js20000"]
[Black "Mikhail_Golubev"]
[Result "0-1"]
[WhiteElo "2884"]
[BlackElo "2579"]
[TimeControl "180+1"]
[EndTime "15:52:23 PST"]
[Termination "Mikhail_Golubev won by resignation"]

1. e4 c5 2. Nf3 d6 3. c3 Nf6 4. h3 g6 5. Bd3 Bg7 6. Bc2 O-O 7.
d4 cxd4 8. cxd4 Nc6 9. O-O Nb4 10.
Bb3 Nxe4 11. Qe1 Nxf2 12. Qxb4 Nd3 13. Qd2 Nxc1 14. Rd1 Nxb3 15. axb3 Qb6 16. Nc3 Be6 17. Kh1 Bxb3 18. Re1 e6 19. Ne4 Bd5 20. Ra3 Rac8 21. Rd3 Rc6 22. Nc3 Bxf3 23. gxf3 d5 24. Rd1 Rc4 25.
b3 Rb4 26. Na4 Qd6 27. Nc5 Rb5 28. b4 Rb6 29. Ra1 a6 30. f4 Bh6 31. Rf3 Qe7 32.
Rg1 Rc6 33. Qe2 b6 34. Nd3 Rc4 35. f5 Rxd4 36. fxg6 hxg6 37. Ne5 Re4 38. Qh2 Bg7 39. Ng4 Rxb4 40. h4 f5 41. Nf2 Rxh4 42. Nh3 g5 43. Rxg5 Qxg5 44. Nxg5 Rxh2+ 45. Kxh2 Rf6 46. Rb3 Rh6+ 47.
Nh3 Be5+ 48. Kg2 Rg6+ 49. Kf2 Rg3 50. Rxg3+ Bxg3+ 51. Kxg3 a5 52. Nf4 Kf7 53. Nd3 a4 54. Kf4 a3 55. Nb4 Kf6 56. Ke3 Ke5 57. Nd3+ Kd6 58.
Nc1 e5 59. Kd3 f4 60. Kc3 e4 61. Kb3 f3 62. Kxa3 f2 0-1

[Event "Late-Titled-Tuesday-Blitz-January-23-2024"]
[Site "Chess.com"]
[Date "2024.01.23"]
[Round "10"]
[White "Flameboard08"]
[Black "DeArron_Fox"]
[Result "0-1"]
[WhiteElo "2555"]
[BlackElo "2469"]
[TimeControl "180+1"]
[EndTime "15:52:27 PST"]
[Termination "DeArron_Fox won on time"]

1. f4 d5 2. Nf3 g6 3. d3 Bg7 4. g3 Nf6 5. Bg2 O-O 6. O-O c5 7. Nbd2 Nc6 8. c3 Ng4 9. Nb1 h5 10. h3 Nh6 11. e4 c4 12. exd5 Qxd5 13. Ne5 Qd8 14. Nxc6 bxc6 15. dxc4 Qb6+ 16. Kh2 Nf5 17. Qb3 Qc7 18. Na3 e5 19. Qa4 Bd7 20. c5 h4 21. g4 Ng3 22. Rf3 Rae8 23. Nc4 e4 24. Re3 f5 25. Nd6 fxg4 26. hxg4 Rxf4 27. Re1 Rxg4 28. Bh3 Nf5 29. Bxg4 Nxd6 30. Bxd7 Nf5+ 31. Kh1 Ng3+ 32. Kg2 Qxd7 33. Qc4+ Kh7 34. Rh1 Qg4 35.
Be3 Qf3+ 0-1

[Event "Late-Titled-Tuesday-Blitz-January-23-2024"]
[Site "Chess.com"]
[Date "2024.01.23"]
[Round "10"]
[White "EsmeraldasAnderson03"]
[Black "Cluke86"]
[Result "1-0"]
[WhiteElo "2417"]
[BlackElo "2261"]
[TimeControl "180+1"]
[EndTime "15:52:27 PST"]
[Termination "EsmeraldasAnderson03 won on time"]

1. d4 d6 2. Nf3 Nf6 3. h3 g6 4. Bf4 Bg7 5. e3 h5 6. Bh2 Nbd7 7. c4 c5 8. Nc3 Qb6 9. Qd2 a6 10. Be2 Qc6 11. O-O O-O 12. a3 Ne4 13. Nxe4 Qxe4 14.
Bd3 Qc6 15. b4 cxb4 16. axb4 Qb6 17. c5 dxc5 18. bxc5 Qd8 19. Rfb1 Nf6 20. Ne5 Nd5 21. Qc2 a5 22. Nxf7 Rxf7 23. Bxg6 Rf6 24. Bxh5 Qf8 25.
e4 Nf4 26. Bg4 Bxg4 27. hxg4 Ne6 28. d5 Ng5 29. f3 Rxf3 30. gxf3 Qxf3 31. Qg2 Bd4+ 32.
Kh1 Qd3 33. Rd1 Qe3 34. Re1 Qd3 35. Rad1 Qc3 36. Rc1 Qd3 37. Red1 Qe3 38. Bg1 Qf4 39. Bxd4 Nxe4 40. Rg1 Ng5 41. Rcd1 1-0

[Event "Late-Titled-Tuesday-Blitz-January-23-2024"]
[Site "Chess.com"]
[Date "2024.01.23"]
[Round "10"]
[White "NitaLucian"]
[Black "Maxfan2008"]
[Result "1-0"]
[WhiteElo "2326"]
[BlackElo "2478"]
[TimeControl "180+1"]
[EndTime "15:52:28 PST"]
[Termination "NitaLucian won by checkmate"]

1. e4 e5 2. d3 Nf6 3. Nd2 Bc5 4. Be2 Nc6 5. Ngf3 Ng4 6. O-O Bxf2+ 7. Rxf2 Ne3 8. Qe1 Nxc2 9. Qd1 Nxa1 10. b3 O-O 11.
Bb2 Nxb3 12. Qxb3 d6 13. d4 exd4 14. Nxd4 Nxd4 15. Bxd4 Be6 16. Qxb7 Bxa2 17. Bxa7 Be6 18. Bd4 Qg5 19. Nf3 Qa5 20. Qb2 Rfb8 21. Qc2 c5 22.
Bc3 Qa4 23. Qd2 Rb1+ 24. Bf1 Bc4 25. Qg5 f6 26. Bxf6 Ra7 27. Bc3 Rf7 28. Qd8+ Rf8 29. Qxd6 Qb5 30. Qe7 Bf7 31. Ng5 Rxf1+ 32. Rxf1 h6 33.
Rxf7 Qb1+ 34. Kf2 Qc2+ 35. Kg1 Qd1+ 36. Kf2 Qc2+ 37. Kg3 Qxc3+ 38. Kg4 Rxf7 39. Qxf7+ Kh8 40. Qf8# 1-0

[Event "Late-Titled-Tuesday-Blitz-January-23-2024"]
[Site "Chess.com"]
[Date "2024.01.23"]
[Round "10"]
[White "Alex_Sahakyan2006"]
[Black "iturrizaga"]
[Result "1-0"]
[WhiteElo "2773"]
[BlackElo "3010"]
[TimeControl "180+1"]
[EndTime "15:52:29 PST"]
[Termination "Alex_Sahakyan2006 won by resignation"]

1. e4 c5 2. Nf3 e6 3. b3 b6 4.
Bb2 Bb7 5. Nc3 Nc6 6. d4 cxd4 7. Nxd4 Rc8 8. Ndb5 Nf6 9. Nd6+ Bxd6 10. Qxd6 Ne7 11. O-O-O Nxe4 12. Nxe4 Bxe4 13. Bd3 Nf5 14. Qe5 Bxd3 15.
Rxd3 O-O 16. g4 Rc5 17. Qf4 Ne7 18. Qd4 Rg5 19. Qxd7 Qa8 20. Rhd1 Nd5 21. h4 Rg6 22. h5 Rg5 23. h6 gxh6 24. Kb1 Qc8 25. Qxc8 Rxc8 26. c4 h5 27. cxd5 hxg4 28. d6 Rf5 29. d7 Rd8 30. Ba3 e5 31. Be7 e4 32. R3d2 e3 33.
fxe3 Ra8 34. d8=Q+ Rxd8 35. Rxd8+ Kg7 36. R8d4 h5 37.
Rf4 Re5 38. Bf6+ 1-0

[Event "Late-Titled-Tuesday-Blitz-January-23-2024"]
[Site "Chess.com"]
[Date "2024.01.23"]
[Round "10"]
[White "Zhigalko_Sergei"]
[Black "grzechu96"]
[Result "1-0"]
[WhiteElo "2959"]
[BlackElo "2723"]
[TimeControl "180+1"]
[EndTime "15:52:30 PST"]
[Termination "Zhigalko_Sergei won by resignation"]

1. e4 c5 2. c3 Nf6 3. e5 Nd5 4. Nf3 e6 5. Bc4 d6 6. d4 cxd4 7. cxd4 Nc6 8. O-O Be7 9. Bd2 O-O 10. Nc3 Nxc3 11. Bxc3 dxe5 12. dxe5 Qxd1 13. Rfxd1 Rd8 14. Rxd8+ Bxd8 15. Rd1 Be7 16. Bd3 Bd7 17. Bxh7+ Kxh7 18. Rxd7 Rb8 19. Nd4 Bc5 20. Nxc6 bxc6 21. Rxf7 Rd8 22. g3 Rd1+ 23. Kg2 Rc1 24. h4 Kg6 25. Rf4 Rc2 26. g4 Bb6 27. Kg3 Rc1 28. h5+ Kh7 29. Bd4 c5 30. Bc3 Kg8 31. a4 Ra1 32. Kf3 a6 33. Kg2 Ra2 34. g5 Ra1 35. g6 Bd8 36. Rf7 Rxa4 37. Rd7 Bg5 38. Rc7 Kf8 39. Rxc5 Rg4+ 40.
Kf1 Rh4 41. Rc8+ Ke7 42. Rc7+ Ke8 43. Rxg7 Rxh5 44. Ra7 Bf4 45. Ra8+ 1-0

[Event "Late-Titled-Tuesday-Blitz-January-23-2024"]
[Site "Chess.com"]
[Date "2024.01.23"]
[Round "10"]
[White "StankovicIvan"]
[Black "diamonds13"]
[Result "1-0"]
[WhiteElo "2562"]
[BlackElo "2390"]
[TimeControl "180+1"]
[EndTime "15:52:33 PST"]
[Termination "StankovicIvan won by resignation"]

1. e4 c5 2. c4 Nc6 3. Nc3 g6 4. g3 Bg7 5. Bg2 d6 6. Nge2 e5 7. d3 h5 8. h3 h4 9. g4 Nd4 10. Nxd4 cxd4 11. Nd5 Be6 12. f4 Bxd5 13. exd5 exf4 14.
Bxf4 g5 15. Qe2+ Kd7 16. Bd2 Be5 17. Be4 Nh6 18. O-O f6 19. b4 Qe7 20. c5 dxc5 21.
bxc5 Qxc5 22. Rfc1 Qb6 23. Rab1 Qa6 24. d6 Rab8 25. Bxb7 Rxb7 26. Rxb7+ Qxb7 27. Rc7+ Qxc7 28. dxc7 Kxc7 29. Ba5+ Kd7 30. Qe4 Rb8 31. Qh7+ Kc6 32. Qxh6 Rb1+ 33. Kg2 Rb2+ 34. Kf3 Rxa2 35. Bb4 Rh2 36.
Qf8 Rxh3+ 37. Ke4 Re3+ 38. Kf5 Kb5 39. Ba3 a5 40. Qe8+ Kb6 41. Qd8+ Kb5 42. Qd7+ Kb6 43.
Qe6+ Kb5 44. Qc4+ Kb6 45. Bc5+ Kb7 46. Qb5+ Kc7 47. Bb6+ Kd6 48. Qc5+ Kd7 49. Qd5+ Ke7 50. Qe6+ Kf8 51. Kg6 1-0

[Event "Late-Titled-Tuesday-Blitz-January-23-2024"]
[Site "Chess.com"]
[Date "2024.01.23"]
[Round "10"]
[White "kai_nov"]
[Black "deloewre"]
[Result "1-0"]
[WhiteElo "2276"]
[BlackElo "2014"]
[TimeControl "180+1"]
[EndTime "15:52:33 PST"]
[Termination "kai_nov won on time"]

1. d4 Nf6 2. c4 g6 3. f3 Bg7 4.
e4 d6 5. Nc3 O-O 6. Bg5 Qe8 7.
Qd2 e5 8. d5 Na6 9. Bd3 Nh5 10.
Nge2 f5 11. exf5 gxf5 12. O-O-O Nc5 13. Bc2 a6 14. Rde1 Bd7 15. h3 b5 16. g4 Nf6 17.
gxf5 bxc4 18. Rhg1 Kh8 19. Ng3 Qf7 20. Bh6 Bxh6 21.
Qxh6 Rg8 22. Nge4 Nfxe4 23. fxe4 Rab8 24. Kb1 Bb5 25. h4 Nd3 26. Bxd3 cxd3 27. Rd1 Bc4 28. Qe3 Rxg1 29. Rxg1 Qd7 30. Qg5 Qf7 31. Kc1 a5 32. Kd2 a4 33. Kc1 a3 34. bxa3 1-0

[Event "Late-Titled-Tuesday-Blitz-January-23-2024"]
[Site "Chess.com"]
[Date "2024.01.23"]
[Round "10"]
[White "tptagain"]
[Black "mishanick"]
[Result "0-1"]
[WhiteElo "2945"]
[BlackElo "3069"]
[TimeControl "180+1"]
[EndTime "15:52:36 PST"]
[Termination "mishanick won on time"]

1. Nf3 d5 2. e3 Nf6 3. c4 e6 4.
Nc3 b6 5. cxd5 exd5 6. b3 Bd6 7. Bb2 O-O 8. d3 Re8 9. Be2 c5 10. d4 Bb7 11. O-O Nbd7 12. Nb5 Bb8 13. Rc1 Ne4 14. Nc3 Ndf6 15. dxc5 bxc5 16. Nxe4 Nxe4 17. Nd2 Ng5 18. h4 Ne6 19. Nf3 d4 20. Bb5 Rf8 21. exd4 cxd4 22. Bc6 Bxc6 23. Rxc6 Qd5 24. Rc4 d3 25. Qd2 Rd8 26.
Rd1 Bc7 27. Ng5 Ba5 28. Bc3 Bb6 29. Nxe6 Qxe6 30. Qg5 f6 31. Qg3 Qd6 32. Qg4 Rd7 33.
h5 h6 34. Re4 Rad8 35. Re6 Qd5 36. Bxf6 Rf8 37. Kh1 Bxf2 38. Bb2 Rf5 0-1

[Event "Late-Titled-Tuesday-Blitz-January-23-2024"]
[Site "Chess.com"]
[Date "2024.01.23"]
[Round "10"]
[White "messiboca"]
[Black "ozates"]
[Result "0-1"]
[WhiteElo "2775"]
[BlackElo "2653"]
[TimeControl "180+1"]
[EndTime "15:52:36 PST"]
[Termination "ozates won on time"]

1. Nf3 c5 2. e3 Nc6 3. d4 cxd4 4.
exd4 d5 5. c3 Nf6 6. Bf4 Bg4 7.
Nbd2 e6 8. Be2 Bd6 9. Bxd6 Qxd6 10. O-O O-O 11. Ne5 Bxe2 12. Qxe2 Nd7 13. Nd3 e5 14. dxe5 Ndxe5 15. Nxe5 Nxe5 16. Rad1 Rfe8 17. Nb3 Rad8 18. Rfe1 h6 19. Nd4 a6 20. Nf5 Qf6 21. Ne3 Qc6 22. Nf5 Qf6 23. Nd4 g6 24. h3 Kg7 25. Qc2 h5 26. Re3 Rc8 27. Rde1 Re7 28. Qb3 Rd8 29. Qa3 Rde8 30. Qb3 Nd3 31. Rf1 Rxe3 32. fxe3 Qg5 33.
Qxb7 Qxe3+ 34. Kh2 Qe5+ 35. Kh1 Re7 36. Qc8 Qg3 37. Qd8 Nf2+ 38. Kg1 Nxh3+ 39. Kh1 Nf2+ 40.
Kg1 Ng4 0-1

[Event "Late-Titled-Tuesday-Blitz-January-23-2024"]
[Site "Chess.com"]
[Date "2024.01.23"]
[Round "10"]
[White "LevonAronian"]
[Black "GM_dmitrij"]
[Result "1-0"]
[WhiteElo "3116"]
[BlackElo "2995"]
[TimeControl "180+1"]
[EndTime "15:52:38 PST"]
[Termination "LevonAronian won on time"]

1. e4 e5 2. Bc4 Nf6 3. d3 c6 4. Bb3 a5 5. Nc3 Bb4 6. a3 Bxc3+ 7. bxc3 a4 8. Ba2 d5 9. exd5 Nxd5 10. Ne2 O-O 11. O-O Bg4 12. Bd2 Nd7 13. Qe1 Re8 14.
Ng3 Nc5 15. f3 Bd7 16. Qf2 Ne6 17. Rfe1 Qc7 18. Ne4 Kh8 19. Rab1 b5 20. c4 Ndf4 21. cxb5 cxb5 22. Bb4 Ra6 23. Kh1 Bc8 24. g3 Ng6 25.
Nc3 Nd4 26. Qxd4 Bb7 27. Qf2 Rc6 28. Nxb5 Qd7 29. Kg1 Nf4 30. Qf1 Rg6 31. Nd6 Rxd6 32. Bxd6 Qxd6 33. Rxb7 Qc6 34. Rxf7 Qxc2 35. gxf4 Qxa2 36.
Rf5 Qxa3 37. Rfxe5 Rf8 38. Re8 1-0

[Event "Late-Titled-Tuesday-Blitz-January-23-2024"]
[Site "Chess.com"]
[Date "2024.01.23"]
[Round "10"]
[White "OneTrickPony_82"]
[Black "Sanyura"]
[Result "1-0"]
[WhiteElo "2516"]
[BlackElo "2616"]
[TimeControl "180+1"]
[EndTime "15:52:39 PST"]
[Termination "OneTrickPony_82 won on time"]

1. d4 Nf6 2. c4 g6 3. Nc3 Bg7 4. e4 d6 5. Nf3 O-O 6. Be2 e5 7. O-O Nc6 8. d5 Ne7 9. b4 Nh5 10. Re1 Nf4 11. Bf1 f5 12. a4 fxe4 13. Nxe4 Bg4 14.
Ra3 Qd7 15. h3 Bf5 16. Bxf4 exf4 17. Neg5 Rae8 18. Nd4 Bxd4 19. Qxd4 h6 20. Ne6 Bxe6 21. Rxe6 Kh7 22. Bd3 Nf5 23. Bxf5 Rxf5 24. Qxa7 Rxe6 25.
dxe6 Qxe6 26. Qxb7 Qxc4 27. Kh2 f3 28. Rxf3 Rxf3 29.
Qxf3 Qxb4 30. Qf7+ Kh8 31. Qe8+ Kg7 32. Qe7+ Kg8 33. Qd8+ Kf7 34. Qxc7+ Ke6 35. a5 Qf4+ 36. Kg1 Qd4 37. Qc8+ Kf7 38. a6 Qa1+ 39. Kh2 Qe5+ 40. g3 Qd4 41. Qb7+ Ke6 42. Kg2 d5 43. Qc6+ Kf5 44.
Qd7+ 1-0

[Event "Late-Titled-Tuesday-Blitz-January-23-2024"]
[Site "Chess.com"]
[Date "2024.01.23"]
[Round "10"]
[White "ural58"]
[Black "Kostukov_Alex"]
[Result "1-0"]
[WhiteElo "2469"]
[BlackElo "2312"]
[TimeControl "180+1"]
[EndTime "15:52:39 PST"]
[Termination "ural58 won on time"]

1. e4 c5 2. b3 g6 3. Bb2 Nf6 4. e5 Nd5 5. Nc3 Nxc3 6. Bxc3 Bg7 7. h4 Nc6 8. f4 d6 9. Bb5 Qb6 10. Qe2 O-O 11. Bxc6 Qxc6 12. h5 Bf5 13. O-O-O d5 14. g4 Be4 15. Rh3 d4 16. Bb2 f5 17. hxg6 hxg6 18.
Rg3 fxg4 19. Qxg4 Bf5 20. Qg5 Kf7 21. Nf3 Rh8 22. e6+ Ke8 23. Ne5 Qxe6 24. Nxg6 Qxg6 25. Qxg6+ Bxg6 26. Rxg6 Kf7 27. Rg4 Bf6 28. c3 Rad8 29. cxd4 cxd4 30. Kb1 Rdg8 31. Rxg8 Rxg8 32. d3 Ke6 33.
Bc1 Kf5 34. Re1 Rg3 35. Kc2 Rg2+ 36. Bd2 e6 37. Kd1 Bh4 38. Rh1 Kg4 39. a4 a6 40.
Rf1 Rf2 41. Rg1+ Kf5 42. Rg7 Rf1+ 43. Kc2 Rf2 44. Rxb7 Re2 45. Kd1 1-0

[Event "Late-Titled-Tuesday-Blitz-January-23-2024"]
[Site "Chess.com"]
[Date "2024.01.23"]
[Round "10"]
[White "maurovargas01"]
[Black "SmirnovTimofey2000"]
[Result "1-0"]
[WhiteElo "1840"]
[BlackElo "1945"]
[TimeControl "180+1"]
[EndTime "15:52:40 PST"]
[Termination "maurovargas01 won on time"]

1. e4 e5 2. Nf3 Nf6 3. Nxe5 d6 4. Nf3 Nxe4 5. Nc3 Nxc3 6. dxc3 Be7 7. Be3 Be6 8. Qd2 Nc6 9. O-O-O O-O 10. h4 Bg4 11.
Be2 Bxf3 12. gxf3 Bxh4 13. Rdg1 Bf6 14. Qd3 g6 15. Qd5 Qe7 16. Qh5 Rfd8 17. Qxh7+ Kf8 18. Bd3 Ke8 19. Qh3 Qe6 20. Qxe6+ fxe6 21. Bxg6+ Kd7 22.
Rh7+ Ne7 23. Re1 Kc6 24. Be4+ d5 25. Bd3 Kd6 26. Bf4+ e5 27. Bg3 Rh8 28. Reh1 Rxh7 29. Rxh7 Ke6 30. Rh6 Nf5 31. Bxf5+ Kxf5 32. Rh7 Rc8 33.
Rd7 d4 34. cxd4 exd4 35. Bxc7 Bg5+ 36. Kd1 Rh8 37. Rxd4 Rh1+ 38. Ke2 Rh2 39. Rd5+ Kg6 40. Rd6+ Bf6 41. Bd8 1-0

[Event "Late-Titled-Tuesday-Blitz-January-23-2024"]
[Site "Chess.com"]
[Date "2024.01.23"]
[Round "10"]
[White "The_Straightforward_Rook"]
[Black "ErikRonka"]
[Result "0-1"]
[WhiteElo "2452"]
[BlackElo "2484"]
[TimeControl "180+1"]
[EndTime "15:52:43 PST"]
[Termination "ErikRonka won by checkmate"]

1. e4 e5 2. Nf3 Nf6 3. Bc4 Nxe4 4. Nc3 Nxc3 5. dxc3 f6 6. O-O d6 7. Nh4 g6 8. f4 Bg7 9. Qd3 Qe7 10. fxe5 dxe5 11. Nxg6 hxg6 12. Qxg6+ Kd8 13. Bg5 Rf8 14. Rad1+ Bd7 15.
Be3 Kc8 16. b4 b6 17. Rf2 Kb7 18. Rfd2 f5 19. Bg5 Bf6 20. Bh6 Rd8 21. b5 a6 22.
Bd5+ Ka7 23. Bxa8 Kxa8 24. Qg3 axb5 25. Qf3+ Ka7 26. a4 Bc6 27. Qe2 Rxd2 28. Qxd2 bxa4 29. Be3 f4 30. Bf2 Nd7 31. c4 Nc5 32. Qe2 Qg7 33.
Bxc5 bxc5 34. Qf2 Be7 35. Ra1 Bd6 36. Ra3 f3 37. g3 e4 38. Qe3 Qd4 39. Qxd4 cxd4 40.
Kf1 Bxa3 41. g4 d3 42. g5 dxc2 43. Kf2 c1=Q 44. Kg3 Qxg5+ 45. Kf2 e3+ 46. Ke1 f2+ 47. Ke2 Qg4+ 48. Kd3 Qd1+ 49. Kc3 Qd2# 0-1

[Event "Late-Titled-Tuesday-Blitz-January-23-2024"]
[Site "Chess.com"]
[Date "2024.01.23"]
[Round "10"]
[White "Jumbo"]
[Black "BogdanDeac"]
[Result "0-1"]
[WhiteElo "2952"]
[BlackElo "3081"]
[TimeControl "180+1"]
[EndTime "15:52:45 PST"]
[Termination "BogdanDeac won by resignation"]

1. d4 Nf6 2. Nf3 d5 3. c4 e6 4.
g3 dxc4 5. Bg2 Nc6 6. O-O Rb8 7.
Bg5 Be7 8. e3 O-O 9. Nfd2 e5 10.
Bxf6 Bxf6 11. d5 Ne7 12. Ne4 Nf5 13. a4 a6 14. Nbc3 Be7 15. Qc2 b5 16. axb5 axb5 17. Ra7 Nd6 18. Nc5 Bf5 19. e4 Bc8 20. Rfa1 Bf6 21.
Na6 Bxa6 22. R1xa6 Rb6 23. Ra5 Qb8 24. Bh3 b4 25.
Ne2 b3 26. Qb1 Nb5 27. Bd7 c3 28. bxc3 Nd6 29. Bc6 Nc4 30. Ra8 Nxa5 31. Rxb8 Rfxb8 32. Nc1 b2 33. Nd3 Nc4 34. Nxb2 Nxb2 35. Qd3 Nxd3 36. c4 Nc5 37. Kg2 Bd8 38. Kf3 Rb3+ 39. Kg4 Rb2 40. f3 Bf6 41. h4 g6 42. h5 gxh5+ 43. Kxh5 Kg7 44. Kg4 Nd3 45. Kf5 Nc5 46. f4 exf4 47. gxf4 Re2 48. e5 Bxe5 49. fxe5 Rf2+ 50. Kg5 Rc2 51. d6 cxd6 52. exd6 Rxc4 0-1

[Event "Late-Titled-Tuesday-Blitz-January-23-2024"]
[Site "Chess.com"]
[Date "2024.01.23"]
[Round "10"]
[White "wild3000"]
[Black "yaguigor"]
[Result "0-1"]
[WhiteElo "2452"]
[BlackElo "2619"]
[TimeControl "180+1"]
[EndTime "15:52:45 PST"]
[Termination "yaguigor won by checkmate"]

1. d4 d5 2. Nf3 Nf6 3. e3 c5 4. Be2 Nc6 5. O-O cxd4 6. Nxd4 e5 7. Nxc6 bxc6 8. c4 Be7 9. Nc3 O-O 10. b3 d4 11. Na4 c5 12. exd4 cxd4 13. Bg5 Bf5 14.
Bxf6 Bxf6 15. Bg4 Bg6 16. c5 e4 17. c6 Qd6 18. Rc1 Bd8 19. Bh5 Bc7 20. g3 d3 21. Bxg6 hxg6 22. Qd2 f5 23. Rc4 Rae8 24. Rd1 f4 25. Qb4 Qe6 26. Nc5 Qh3 27. Qe1 fxg3 28. hxg3 e3 29. fxe3 Bxg3 30. Qd2 Rf2 31. Qxf2 Bxf2+ 32. Kxf2 Qh2+ 33. Kf3 Qe2+ 34. Kf4 Rf8+ 35.
Ke5 Qxd1 36. c7 d2 37. Ne4 Qa1+ 38. Ke6 Re8+ 39. Kd7 Qe5 40. c8=Q Qe6+ 41. Kc7 Rxc8+ 42. Kb7 Rxc4 43. Nxd2 Qc6+ 44. Kb8 Qb6+ 45. Ka8 Rc8# 0-1

[Event "Late-Titled-Tuesday-Blitz-January-23-2024"]
[Site "Chess.com"]
[Date "2024.01.23"]
[Round "10"]
[White "ImportedItalianMaple"]
[Black "Crazy_girl99"]
[Result "1-0"]
[WhiteElo "2446"]
[BlackElo "2582"]
[TimeControl "180+1"]
[EndTime "15:52:45 PST"]
[Termination "ImportedItalianMaple won by resignation"]

1. e4 e5 2. Nf3 Nc6 3. Bb5 a6 4. Ba4 Nf6 5. O-O Be7 6. Re1 b5 7. Bb3 d6 8. c3 O-O 9. h3 Nb8 10. d4 Nbd7 11. Nbd2 Bb7 12. Bc2 Re8 13. Nf1 Bf8 14. Ng3 g6 15. Bg5 h6 16. Bd2 Bg7 17. b3 exd4 18. cxd4 c5 19. Bc3 Nh7 20. Qd2 b4 21.
Bb2 Rc8 22. Rad1 a5 23. Bd3 cxd4 24. Bxd4 Ne5 25. Nxe5 dxe5 26. Be3 Ng5 27. h4 Ne6 28. h5 Kh7 29. Bb5 Qxd2 30. Rxd2 Red8 31. Red1 Nd4 32. Bc4 Rc7 33. Kh2 Bf6 34. Ne2 Bxe4 35. Nxd4 exd4 36. Bxd4 Bg5 37. Bb6 Bxd2 38. Bxc7 Bf4+ 39.
Bxf4 Rxd1 40. Bc7 Ra1 41. Bxa5 Rxa2 42. Bxb4 Rxf2 43. Kg3 Rxg2+ 44. Kf4 Bc2 45. Bxf7 g5+ 46. Kf3 Rg1 47. Kf2 Rb1 48. Bc3 Bf5 49. b4 g4 50. Ke3 Rf1 51. Bd5 g3 52. b5 Rb1 53.
Bc6 Bh3 54. Be4+ Kg8 55. Bxb1 Bg4 56. Kf4 g2 57. Bd4 Bxh5 58. Bg1 Be2 59. b6 Ba6 60.
Be4 Kg7 61. Bxg2 Kg6 62. b7 h5 63. b8=Q 1-0

[Event "Late-Titled-Tuesday-Blitz-January-23-2024"]
[Site "Chess.com"]
[Date "2024.01.23"]
[Round "10"]
[White "IraZyne"]
[Black "Josgar05"]
[Result "0-1"]
[WhiteElo "2227"]
[BlackElo "2352"]
[TimeControl "180+1"]
[EndTime "15:52:45 PST"]
[Termination "Josgar05 won on time"]

1. e4 c6 2. d4 d5 3. exd5 cxd5 4.
Bd3 Nc6 5. c3 Qc7 6. h3 Nf6 7.
Nf3 e6 8. O-O Bd6 9. Re1 O-O 10.
Nbd2 Ne7 11. Nf1 Ng6 12. Bg5 Nd7 13. Qc2 a6 14. a4 Rb8 15. h4 h6 16. h5 Nf4 17.
Bxf4 Bxf4 18. g3 Bd6 19. N1h2 e5 20. dxe5 Nxe5 21. Nxe5 Bxe5 22. Nf3 Bd6 23. Nd4 Bg4 24. Be2 Bd7 25. Bf3 Bc6 26. Re2 Qd7 27. Kg2 Rbc8 28. a5 Bc5 29. Qd2 Rfe8 30. Rae1 Rxe2 31. Rxe2 Re8 32. Rxe8+ Qxe8 33. Nf5 Qe5 34. Nd4 Bd7 35. Qe3 Qd6 36. b4 Ba7 37. Nf5 Bxe3 38. Nxd6 Bd2 39. Nxb7 Bxc3 40. Nc5 Bb5 41. Bxd5 Bxb4 42. Nb3 Kf8 43. Kf3 Ke7 44. Ke4 f6 45. Kd4 Be1 46.
Ke3 Kd6 47. Bb7 Bb4 48. f3 Bc4 49. Nd2 Bf7 50. Bxa6 Bxa5 51. g4 Bb6+ 52. Ke2 Ke5 53. Bd3 Kf4 54. Nf1 Bd5 55. Nh2 Bg1 56. Nf1 Bxf3+ 0-1